 Dungeon Crawl Stone Soup version 0.29.1-12-g30fa7ad0bf (webtiles) character file.

Game seed: 3278922145315795849

91 retardedninja the Trooper (level 4, 41/41 HPs)
             Began as a Hill Orc Fighter on Jan 5, 2023.
             Quit the game on level 2 of the Dungeon.
             The game lasted 00:02:23 (1595 turns).

retardedninja the Trooper (Hill Orc Fighter)        Turns: 1595, Time: 00:02:23

Health: 41/41      AC:  7    Str: 20    XL:     4   Next: 59%
Magic:  4/4        EV:  9    Int:  8    God:
Gold:   122        SH:  4    Dex: 10    Spells: 3/3 levels left

rFire   . . .      SeeInvis .   a - +0 war axe
rCold   . . .      Faith    .   c - +0 buckler
rNeg    . . .      Spirit   .   b - +0 scale mail
rPois   .          Reflect  .   (no helmet)
rElec   .          Harm     .   (no cloak)
rCorr   .          Rampage  .   (no gloves)
Will    .....                   (no boots)
Stlth   ..........              h - amulet of regeneration
HPRegen 0.93/turn               (no ring)
MPRegen 0.09/turn               (no ring)

@: no status effects
A: no striking features
a: no special abilities


You were on level 2 of the Dungeon.
You visited 1 branch of the dungeon, and saw 2 of its levels.

You collected 122 gold pieces.

Inventory:

Hand Weapons
 a - a +0 war axe (weapon)
Missiles
 m - 4 javelins (quivered)
Armour
 b - a +0 scale mail (worn)
 c - a +0 buckler (worn)
Jewellery
 h - an amulet of regeneration (around neck)
Scrolls
 i - a scroll of enchant armour {unknown}
 j - a scroll of blinking {unknown}
 l - a scroll of identify {unknown}
Potions
 d - 2 potions of might
 e - a potion of heal wounds {unknown}
 f - 2 potions of curing {unknown}
 g - a potion of invisibility {unknown}
 k - 5 potions of lignification {unknown}
 n - a potion of cancellation {unknown}


   Skills:
 + Level 4.4 Fighting
 + Level 3.8 Axes
 + Level 4.0 Armour
 + Level 4.0 Shields


You had 3 spell levels left.
You didn't know any spells.
Your spell library was empty.

Dungeon Overview and Level Annotations

Branches:
Dungeon (2/15)

Altars:


Message History

An adder is nearby!
An adder is nearby!
An endoplasm comes into view.
The endoplasm quivers.
The adder bites you but does no damage.
You barely miss the adder. You hit the endoplasm. The adder closely misses you.
The endoplasm freezes you.
You are frozen.
The adder barely misses you.
The endoplasm hits you but does no damage.
You slash the endoplasm!
You kill the endoplasm!
You closely miss the adder. The adder barely misses you. x2
You hit the adder.
The adder is lightly wounded.
The adder bites you but does no damage. The adder closely misses you.
You slash the adder!
You kill the adder!
Your Shields skill increases to level 4!
No target in view!
No target in view!
No target in view!
No target in view!
No target in view!
An endoplasm comes into view.
The endoplasm quivers.
An endoplasm is nearby!
An endoplasm is nearby!
The endoplasm barely misses you.
You slash the endoplasm!
You kill the endoplasm!
Key pressed, stopping explore.
Found a stone staircase leading up.
No target in view!
Found a mace.
A ball python comes into view.
Found a stone staircase leading down.
The ball python hisses angrily.
A ball python is nearby!
A ball python is nearby!
Are you sure you want to abandon this character and quit the game? (Confirm with "yes".)

###### .....# ####.#
####.# ..##.#
########### #.##.#
#.........##.# #.##.#
#.#.).@......#
#.##.######.#<......#..#
...................S..>#
####.####...........#..#
#.# #.#.#.......# .. #.#
#.#.#.......# # #.#
#.#.#.......# #.#
..#.#.....#.# ... ###.#
....#


You could see a ball python.

Vanquished Creatures
  Terence (D:2)
  2 adders (D:2)
  A worm (D:2)
  2 dart slugs (D:1)
  4 bats (D:1)
  5 endoplasms
  2 giant cockroaches
  3 goblins (D:1)
  3 hobgoblins
  2 jackals (D:1)
  3 kobolds
  A quokka (D:2)
  5 ball pythons
  2 frilled lizards (D:1)
  2 rats (D:1)
38 creatures vanquished.

Notes
Turn   | Place    | Note
-------+----------+-------------------------------------------
     0 | D:1      | retardedninja the Hill Orc Fighter began the quest for the
                  | Orb.
     0 | D:1      | Reached XP level 1. HP: 19/19 MP: 1/1
   149 | D:1      | Reached XP level 2. HP: 25/27 MP: 2/2
   343 | D:1      | Found a faded altar of an unknown god.
   466 | D:1      | Reached XP level 3. HP: 32/33 MP: 3/3
  1239 | D:2      | Noticed Terence
  1262 | D:2      | Killed Terence
  1263 | D:2      | Reached XP level 4. HP: 22/41 MP: 4/4
  1595 | D:2      | Quit the game

Illustrated notes

Levels and vault maps discovered:
D:1:      lemuel_arrival_room, layout_basic,
          hellmonk_ecumenical_altar_crossroads
D:2:      layout_basic, uniq_terence

Skill      XL: |  1  2  3  4 |
---------------+-------------+-----
Axes           | 3 |  3.8
Fighting       | 4 |  4.4
Armour         | 4 |  4.0
Shields        | 4 |  4.0

Action                   |  1- 3 |  4- 6 || total
-------------------------+-------+-------++-------
Melee: War axe           |    91 |     6 ||    97
Throw: Javelin           |     6 |       ||     6
Armor: Scale mail        |    27 |     3 ||    30
Dodge: Dodged            |    44 |     6 ||    50
Block: Buckler           |    22 |       ||    22
